 Dungeon Crawl Stone Soup version 0.29.0-15-g675c0067aa (webtiles) character file.

Game seed: 7301999318038495986

6 qw the Sneak (level 1, -1/14 HPs)
             Began as a Gargoyle Delver on Sept 11, 2022.
             Slain by an orc
             ... wielding a +0 mace
              (4 damage)
             ... on level 4 of the Dungeon.
             The game lasted 00:00:05 (281 turns).

qw the Sneak (Gargoyle Delver)                       Turns: 281, Time: 00:00:06

Health: -1/14      AC:  5    Str: 15    XL:     1   Next: 90%
Magic:  1/1        EV: 11    Int: 10    God:
Gold:   34         SH:  0    Dex: 11    Spells: 0/0 levels left

rFire   . . .      SeeInvis .   a - +0 hand axe
rCold   . . .      Faith    .   (no shield)
rNeg    + . .      Spirit   .   b - +0 leather armour
rPois   inf        Reflect  .   (no helmet)
rElec   +          Harm     .   (no cloak)
rCorr   .          Rampage  .   (no gloves)
Will    .....                   (no boots)
Stlth   +++.......              (no amulet)
HPRegen 0.04/turn               (no ring)
MPRegen 0.07/turn               (no ring)

@: no status effects
A: sickness immunity, AC +2, negative energy resistance 1, electricity
resistance, torment resistance 1, petrification resistance
a: no special abilities


You were on level 4 of the Dungeon.
You visited 1 branch of the dungeon, and saw 2 of its levels.

You collected 34 gold pieces.


Innate Abilities, Weirdness & Mutations

You are immune to sickness and miasma.
Your stone body is resilient. (AC +2)
You are immune to poison.
You resist negative energy. (rN+)
You are resistant to electric shocks. (rElec)
You are resistant to unholy torment.
You are immune to petrification.


   Skills:
 - Level 3.2 Fighting
 + Level 2.3 Axes
 - Level 1.5 Dodging
 - Level 5.4 Stealth


You couldn't memorise any spells.
You didn't know any spells.
Your spell library was empty.

Inventory:

Hand Weapons
 a - a +0 hand axe (weapon)
 d - a +0 whip
Armour
 b - a +0 leather armour (worn)
 c - a +0 ring mail
Jewellery
 e - the ring "Saxuomub" {Fly rCorr Slay+6}
   (You found it on level 4 of the Dungeon)

   [ring of resist corrosion]

   Slay:      It affects your accuracy & damage with ranged weapons and melee
   (+6).
   Fly:       It grants you flight.
   rCorr:     It protects you from acid and corrosion.
Wands
 g - a wand of digging (3)
Potions
 f - a potion of haste
 h - a potion of resistance {unknown}

Dungeon Overview and Level Annotations

Branches:
Dungeon (5/15)
 Temple: D:4-7

Altars:
Fedhas
Kikubaaqudgha
Ru


Message History

h - a clear potion
Found a sacrificial altar of Ru.
A quokka comes into view.
Found a stone staircase leading down.
You see here 12 gold pieces.
You hit the quokka.
The quokka is lightly wounded.
The quokka closely misses you. x2
You hit the quokka.
The quokka is severely wounded.
The quokka bites you but does no damage.
You slash the quokka!
You kill the quokka!
You now have 12 gold pieces.
You now have 24 gold pieces (gained 12).
You now have 34 gold pieces (gained 10).
An orc wizard comes into view. It is wielding a +0 dagger.
The orc wizard shouts!
An orc comes into view. It is wielding a +0 trident.
The orc wizard gestures at you while chanting.
You are confused.
An orc comes into view. It is wielding a +0 mace.
The orc shouts! x2
You're too confused to move!
The orc hits you with a +0 trident.
The orc wizard mumbles some strange words.
The orc wizard flickers and vanishes!
Deactivating autopickup; reactivate with Ctrl-A.
You hit the orc.
The orc is moderately wounded.
You slash the orc!
You kill the orc!
You hit the orc but do no damage.
A goblin comes into view. It is wielding a +0 club.
The orc hits you with a +0 mace!
Ouch! That really hurt!
You hit the orc but do no damage.
You feel less confused. The orc hits you with a +0 mace.
You die...

########.##
###...).....#
###.....@#.##..
#.......o.....#
#.#.#.##.#.#...#
# # #.##.##.. ##
#.#.##.. .g. #
#.#.##### #.#
#.#.#.# .#
#.#.#.# #
#####.#.#.#


You could see an orc and a goblin.

Vanquished Creatures
  An orc (D:4)
  A ball python (D:4)
  An endoplasm (D:4)
  A quokka (D:4)
4 creatures vanquished.

Notes
Turn   | Place    | Note
-------+----------+-------------------------------------------
     0 | D:5      | qw the Gargoyle Delver began the quest for the Orb.
     0 | D:5      | Reached XP level 1. HP: 14/14 MP: 1/1
     0 | D:5      | 0 ||| qw: Version: 0.1-a-118-gb4e7ce6
     0 | D:5      | 0 ||| qw: Game counter: 10317
     0 | D:5      | 0 ||| qw: Always use a shield: true
     0 | D:5      | 0 ||| qw: God list: Okawaru
     0 | D:5      | 0 ||| qw: Allow faded altars: false
     0 | D:5      | 0 ||| qw: Do Orc after D:15 true
     0 | D:5      | 0 ||| qw: Do second Lair branch before Depths: true
     0 | D:5      | 0 ||| qw: Lair rune preference: random
     0 | D:5      | 0 ||| qw: Plans: Normal
     0 | D:5      | 0 ||| PLANNING D:1-11
     0 | D:5      | 0 ||| DROPPING scroll of fog.
     1 | D:5      | 1 ||| DROPPING scroll of magic mapping.
     2 | D:5      | 2 ||| DROPPING scroll of fear.
     2 | D:5      | Noticed an ogre
     3 | D:5      | 3 ||| FLEEEEING.
     4 | D:5      | 4 ||| FLEEEEING.
     5 | D:5      | 5 ||| FLEEEEING.
     6 | D:5      | 6 ||| FLEEEEING.
     7 | D:5      | 7 ||| FLEEEEING.
     7 | D:5      | Found a blossoming altar of Fedhas.
     8 | D:5      | 8 ||| FLEEEEING.
     9 | D:5      | 9 ||| STAIRDANCE
    26 | D:4      | Found an ancient bone altar of Kikubaaqudgha.
   189 | D:4      | Identified the ring "Saxuomub" {Fly rCorr Slay+6}
   250 | D:4      | Found a sacrificial altar of Ru.
   274 | D:4      | Noticed an orc wizard
   280 | D:4      | HP: 3/14 [orc/+0 mace (7)]
   281 | D:4      | Slain by an orc

Levels and vault maps discovered:
D:4:      layout_loops_ring, nicolae_overflow_crystal_walls, kennysheep_mini,
          overflow_temple_1_default, minmay_temple_entry_slanted, uniq_edmund
D:5:      layout_cave_pools, lemuel_doored_altar, fedhas_altar_2, serial_shops,
          nicolae_shop_hallway_plus

Skill      XL: |  1 |
---------------+----+-----
Axes           | 2 |  2.3
Fighting       | |  3.2
Dodging        | |  1.5
Stealth        | |  5.4

Action                   || total
-------------------------++-------
Melee: Hand axe          ||    11
 Stab: Sleeping          ||     1
Armor: Leather armour    ||     3
Dodge: Dodged            ||     2

Table legend:
 A = Non-vault XP
 B = Vault XP
 C = Vault XP percentage of total XP
 D = Non-vault monster count
 E = Vault monster count
 F = Vault count percentage of total count
                 A         B        C        D         E       F
            +---------+---------+-------+---------+---------+-------
      Total |       9 |       0 |   0.0 |       4 |       0 |   0.0
            +---------+---------+-------+---------+---------+-------
        D:4 |       9 |       0 |   0.0 |       4 |       0 |   0.0
            +---------+---------+-------+---------+---------+-------
